 Dungeon Crawl Stone Soup version 0.14-a0-1522-g6c286a4 (webtiles) character file.

745 4tharraofdagon the Ruinous (level 6, -3/40 HPs)
             Began as a Demigod Venom Mage on Dec 17, 2013.
             Slain by a wight
             ... wielding a +0,+0 long sword
              (7 damage)
             ... on Level 9 of the Dungeon.
             The game lasted 00:13:57 (1760 turns).

4tharraofdagon the Ruinous (Demigod Venom Mage)     Turns: 1760, Time: 00:13:57

HP  -3/40        AC  2     Str 12      XL: 6   Next: 99%
MP   9/18        EV 14     Int 24      God:
Gold 136         SH  0     Dex 17      Spells:  4 memorised,  2 levels left

rFire  . . .     SeeInvis .     p - +2,+4 dwarf dagger
rCold  + . .     Clarity  .     a - +0 robe
rNeg   . . .     Conserve .     (no shield)
rPois  .         rCorr    .     (no helmet)
rElec  .         rRot     .     y - +0 cloak
SustAb . .       Spirit   .     (no gloves)
rMut   .         Warding  .     (no boots)
Saprov . . .     RndTele  +     (no amulet)
                                (no ring)
                                o - ring of protection from cold

@: drained, slightly resistant to hostile enchantments, fairly stealthy
A: repulsion field 1, clever 1, deformed body, frail 1, sense surroundings 1,
teleportitis 1
a: no special abilities


You were on level 9 of the Dungeon.
You were hungry.

You visited 1 branch of the dungeon, and saw 9 of its levels.

You collected 136 gold pieces.

Inventory:

Hand weapons
 g - a -1,+1 orcish short sword
 j - a +0,+0 elven spear
 p - a +2,+4 dwarven dagger (weapon)
Armour
 a - a +0 robe (worn)
 y - a +0 cloak (worn)
Magical devices
 f - a wand of flame (5)
Comestibles
 c - 5 bread rations
 t - 2 meat rations
 x - a rambutan
Scrolls
 d - 9 scrolls of remove curse {unknown}
 e - 4 scrolls of identify
 h - 2 scrolls of noise
Jewellery
 o - a ring of protection from cold (left hand)
Potions
 i - a potion of poison
 k - a potion of restore abilities
 n - a potion of heal wounds
 v - 2 potions of curing
Books
 b - a Young Poisoner's Handbook

   Spells                             Type                      Level
   *Sting                             Conjuration/Poison           1
   *Cure Poison                       Poison                       2
   *Mephitic Cloud                    Conjuration/Poison/Air       3
   Olgreb's Toxic Radiance            Poison                       4
   *Venom Bolt                        Conjuration/Poison           5


   Skills:
 - Level 1.7(1.3) Dodging
 - Level 1.7(1.3) Stealth
 + Level 4.2(3.8) Spellcasting
 * Level 5.5(5.0) Conjurations
 - Level 3.6(3.2) Poison Magic


You had 2 spell levels left.
You knew the following spells:

 Your Spells              Type           Power        Failure   Level  Hunger
a - Sting                 Conj/Pois      ###.         1%          1    None
b - Cure Poison           Pois           ###.......   4%          2    #......
c - Mephitic Cloud        Conj/Pois/Air  ###.....     12%         3    ###....
d - Venom Bolt            Conj/Pois      ###.......   54%         5    #####..


Dungeon Overview and Level Annotations

Branches:
Dungeon (9/16)
 Temple: D:4-7          Orc: D:9-12        Lair: D:8-11

Annotations:
D:3 SkaryMonk's ghost, average GrMo
D:5 BlessedChild's ghost, average CeHu
D:6 mopl's ghost, experienced OgHu
D:9 Erolcha


Innate Abilities, Weirdness & Mutations

You are surrounded by a mild repulsion field (EV +2).
Your mind is acute. (Int +2)
Armour fits poorly on your strangely shaped body.
You are frail (-10% HP).
You passively map a small area around you.
Space occasionally distorts in your vicinity.


Message History

The sting hits Erolcha.
Erolcha looks even sicker.
Erolcha is heavily wounded.
The wight barely misses you.
Erolcha is engulfed in noxious fumes.
Erolcha appears confused.
Erolcha hits you with a giant club!
Ouch! That really hurt!
* * * LOW HITPOINT WARNING * * *
Unknown command.
A wight comes into view. It is wielding a spear.
Erolcha barely misses the wight.
Unknown command.
Unknown command.
Something hits the wight!
Unknown command.
Unknown command.
Unknown command.
Drink which item? (? for menu, Esc to quit)
You feel better. The wight hits you with a long sword!
* * * LOW HITPOINT WARNING * * *
You feel drained.
You die...

, #######......####..##
, ,
#<..................# ,
* #.#####......####...#
#.##..O......####...#
#.##.##.####........#
#.......# ########.#
###..z### ######.### *
#.###z## #.....k..#
#.z.....###@#
*#.#.#..#.# #.###...#
#......#.#.#§§#.# #>..#
#......#.#..§.# # , ,,
,.#$.. .......#.#k#.## ,
,
#.#.....#.....#.#.#.##.#
#..O....*.....#........#
* ........
########.###### , *
#..... #k# # #.#


You could see 2 wights.

Vanquished Creatures
  A two-headed ogre (D:9)
  An ogre (D:5)
  A sky beast (D:9)
  A killer bee (D:9)
  A hound (D:3)
  A worker ant (D:6)
  A scorpion (D:5)
  7 adders
  A worm (D:4)
  2 giant geckos
  5 orcs (D:5)
  4 ball pythons
  5 giant cockroaches
  7 hobgoblins
  A quokka (D:2)
  7 bats
  2 giant newts
  7 goblins
  A goblin zombie (D:5)
  2 jackals (D:5)
  4 kobolds
  9 rats
71 creatures vanquished.

Vanquished Creatures (others)
  A killer bee (D:9)
  A worker ant (D:7)
2 creatures vanquished.

Grand Total: 73 creatures vanquished

Notes
Turn   | Place    | Note
--------------------------------------------------------------
     0 | D:1      | 4tharraofdagon, the Demigod Venom Mage, began the quest for the Orb.
     0 | D:1      | Reached XP level 1. HP: 14/14 MP: 3/3
   173 | D:1      | hurdos: good evening
   214 | D:1      | Daniel: guys, do you know whats the max time for vault wardens sealing?
   225 | D:1      | Daniel: hey hurdos
   243 | D:1      | 4tharraofdagon: hello
   256 | D:1      | Daniel: i have been locked inside v5 for 5k turns now
   269 | D:1      | Daniel: and cannot get out :D
   318 | D:1      | hurdos: just kill a source :)
   324 | D:1      | Reached skill level 1 in Conjurations
   340 | D:1      | Daniel: yeah, well i cannot find him
   346 | D:1      | Reached XP level 2. HP: 14/20 MP: 2/5
   373 | D:2      | Daniel: already spent like 1k turns to find him
   387 | D:2      | hurdos: uh
   416 | D:2      | Daniel: and i think i have killed him before
   449 | D:2      | hurdos: idk if honest
   464 | D:2      | Learned a level 2 spell: Cure Poison
   492 | D:2      | hurdos: maybe it is a bug
   520 | D:2      | Daniel: well 5k turns is a bit extreme
   535 | D:2      | hurdos: try ask in irc chanel
   535 | D:2      | Daniel: so i think too
   554 | D:2      | Reached XP level 3. HP: 18/26 MP: 2/8
   562 | D:2      | Daniel: will do it
   575 | D:2      | hurdos: I see
   772 | D:3      | Noticed SkaryMonk's ghost (average GrMo)
   788 | D:2      | Learned a level 3 spell: Mephitic Cloud
   797 | D:3      | WTF
   809 | D:3      | Reached XP level 4. HP: 9/28 MP: 0/11
   811 | D:3      | hurdos: looks like you are not a god of snakes
   811 | D:3      | hurdos: :)
   833 | D:3      | Gained mutation: Your mind is acute. (Int +2) [potion of mutation]
   833 | D:3      | Gained mutation: You are surrounded by a mild repulsion field (EV +2). [potion of mutation]
   833 | D:3      | Gained mutation: You passively map a small area around you. [potion of mutation]
   834 | D:3      | Gained mutation: You are frail (-10% HP). [potion of mutation]
   834 | D:3      | Gained mutation: Space occasionally distorts in your vicinity. [potion of mutation]
   834 | D:3      | Gained mutation: Armour fits poorly on your strangely shaped body. [potion of mutation]
   835 | D:3      | Im AC GOD NOW!!!
  1153 | D:5      | Entered Level 5 of the Dungeon
  1221 | D:5      | Reached XP level 5. HP: 33/33 MP: 7/14
  1348 | D:5      | Noticed an ogre
  1381 | D:5      | Killed an ogre
  1381 | D:5      | Reached skill level 4 in Conjurations
  1402 | D:5      | Found a sparkling altar of Nemelex Xobeh.
  1451 | D:5      | Noticed BlessedChild's ghost (average CeHu)
  1528 | D:6      | Noticed mopl's ghost (experienced OgHu)
  1544 | D:6      | Found a shattered altar of Ashenzari.
  1545 | D:6      | Found an iron altar of Okawaru.
  1545 | D:6      | Found a shimmering altar of Xom.
  1567 | D:6      | HP: 1/34 [mopl's ghost (26)]
  1572 | D:7      | Reached XP level 6. HP: 20/40 MP: 14/17
  1579 | D:7      | hurdos: you catched all ghosts :)
  1646 | D:9      | Learned a level 5 spell: Venom Bolt
  1649 | D:9      | Noticed a two-headed ogre
  1657 | D:9      | Killed a two-headed ogre
  1657 | D:9      | Reached skill level 5 in Conjurations
  1736 | D:9      | Noticed Erolcha
  1760 | D:9      | Slain by a wight

Action                   |  1- 3 |  4- 6 || total
-------------------------+-------+-------++-------
Melee: Short sword       |     3 |       ||     3
       Spear             |    18 |       ||    18
       Unarmed           |     2 |       ||     2
       Dagger            |    19 |    45 ||    64
 Cast: Sting             |    46 |    66 ||   112
       Mephitic Cloud    |     1 |     4 ||     5
Evoke: Wand              |       |     1 ||     1
  Use: Potion            |     1 |    15 ||    16
       Scroll            |       |     8 ||     8
 Stab: Sleeping          |     1 |     2 ||     3
